 Dungeon Crawl Stone Soup version 0.26-a0-412-ga3d1f51b (webtiles) character file.

Game seed: 15324278037424910770

80 Illumine the Skirmisher (level 4, -2/49 HPs)
             Began as an Ogre Fighter on July 24, 2020.
             Was an Initiate of Okawaru.
             Slain by a gnoll
             ... wielding a +0 whip
              (7 damage)
             ... on level 3 of the Dungeon.
             The game lasted 00:03:16 (2746 turns).

Illumine the Skirmisher (Ogre Fighter)              Turns: 2746, Time: 00:03:16

Health: -2/49      AC:  3    Str: 21    XL:     4   Next: 39%
Magic:  4/4        EV:  8    Int:  9    God:    Okawaru [......]
Gold:   165        SH:  8    Dex:  8    Spells: 3/3 levels left

rFire    . . .     SeeInvis .   a - +0 flail
rCold    . . .     Faith    .   c - +0 kite shield
rNeg     . . .     Spirit   .   b - +0 robe
rPois    .         Reflect  .   (helmet restricted)
rElec    .         Harm     .   (no cloak)
rCorr    .                      (gloves unavailable)
MR       .....                  (boots unavailable)
Stlth    +.........             (no amulet)
HPRegen  0.16/turn              (no ring)
MPRegen  0.09/turn              (no ring)

@: no status effects
A: large, unfitting armour, tough skin 1
a: Renounce Religion


You were on level 3 of the Dungeon.
You worshipped Okawaru.
Okawaru was noncommittal.
You visited 1 branch of the dungeon, and saw 3 of its levels.

You collected 165 gold pieces.

Inventory:

Hand Weapons
 a - a +0 flail (weapon)
Missiles
 e - 94 stones (quivered)
Armour
 b - a +0 robe (worn)
 c - a +0 kite shield (worn)
Jewellery
 o - an uncursed ring of ice
Scrolls
 g - a scroll of blinking {unknown}
 h - a scroll of magic mapping {unknown}
 i - a scroll of teleportation {unknown}
 j - 2 scrolls of identify {unknown}
 l - a scroll of enchant armour {unknown}
 n - a scroll of fog {unknown}
 p - a scroll of noise {unknown}
Potions
 d - a potion of might
 f - a potion of berserk rage {unknown}
 k - 2 potions of flight {unknown}
 m - 4 potions of curing {unknown}
 q - a potion of heal wounds {unknown}
 r - a potion of haste {unknown}
 s - a potion of degeneration {unknown}


   Skills:
 - Level 4.6 Fighting
 * Level 3.4 Maces & Flails
 - Level 3.1 Dodging
 - Level 2.6 Shields


You had 3 spell levels left.
You didn't know any spells.
Your spell library was empty.

Dungeon Overview and Level Annotations

Branches:
Dungeon (3/15)

Altars:
Nemelex Xobeh
Okawaru
Yredelemnul


Innate Abilities, Weirdness & Mutations

You are too large for most types of armour.
You have tough skin. (AC +1)


Message History

* * * LOW HITPOINT WARNING * * *
The gnoll barely misses you.
Things that are here:
a +0 halberd; a gnoll corpse You closely miss the gnoll.
The gnoll barely misses you.
Things that are here:
a +0 halberd; a gnoll corpse You closely miss the gnoll.
The gnoll hits you with a +0 whip.
* * * LOW HITPOINT WARNING * * *
Things that are here:
a +0 halberd; a gnoll corpse You sock the gnoll!
The gnoll is heavily wounded.
You block the gnoll's attack. The gnoll hits you but does no damage.
Things that are here:
a +0 halberd; a gnoll corpse Your shield prevents you from hitting the gnoll.
The gnoll is heavily wounded.
The gnoll hits you with a +0 whip!
You die...

##.#.## #
##.#.##
##.#.##
##.#.##
##.#.##
#...## #..##
#g## #@# #(#
#)# #.# #.#
#.# #.#
#.##########
#..........#


You could see a gnoll.

Vanquished Creatures
  2 gnolls (D:3)
  3 dart slugs
  6 giant cockroaches
  7 goblins
  4 hobgoblins
  7 jackals
  A quokka (D:3)
  A ball python (D:3)
  5 bats
  5 frilled lizards
  5 kobolds
  5 rats
51 creatures vanquished.

Notes
Turn   | Place    | Note
-------+----------+-------------------------------------------
     0 | D:1      | Illumine the Ogre Fighter began the quest for the Orb.
     0 | D:1      | Reached XP level 1. HP: 24/24 MP: 1/1
   264 | D:1      | Reached XP level 2. HP: 29/32 MP: 2/2
   916 | D:1      | Reached XP level 3. HP: 38/40 MP: 3/3
  1272 | D:1      | Found a sparkling altar of Nemelex Xobeh.
  2253 | D:2      | Found an iron altar of Okawaru.
  2253 | D:2      | Found a basalt altar of Yredelemnul.
  2256 | D:2      | Became a worshipper of Warmaster Okawaru
  2543 | D:3      | Reached XP level 4. HP: 49/49 MP: 4/4
  2746 | D:3      | Slain by a gnoll

Illustrated notes

Levels and vault maps discovered:
D:1:      dpeg_arrival_long_road, layout_basic,
          nemelex_xobeh_ov_fountains_minmay
D:2:      layout_loops_ring, gammafunk_temple_overflow_elements,
          supply_closet_lemuel, chequers_garden, minivault_4
D:3:      minmay_inner_zag, layout_loops_ring

Skill      XL: |  1  2  3 |
---------------+----------+-----
Maces & Flails | 2 3 |  3.4
Dodging        | 3 |  3.1
Fighting       | |  4.6
Shields        | |  2.6

Action                   |  1- 3 |  4- 6 || total
-------------------------+-------+-------++-------
Melee: Flail             |   150 |    16 ||   166
Throw: Stone             |    36 |    10 ||    46
Armor: Robe              |    46 |     3 ||    49
Dodge: Dodged            |    51 |     5 ||    56
Block: Kite shield       |    61 |     5 ||    66

Table legend: (Time is in decaauts)
 A = Elapsed time spent in this place.
 B = Non-inter-level travel time spent in this place.
 C = Inter-level travel time spent in this place.
 D = Time resting spent in this place.
 E = Time spent auto-exploring this place.
 F = Levels seen in this place.
 G = Mean time per level.
                   A        B        C        D        E       F      G
               +--------+--------+--------+--------+--------+-----+--------+
         Total |   2813 |   2781 |     32 |    324 |   1940 |   3 |  937.7 |
       Dungeon |   2813 |   2781 |     32 |    324 |   1940 |   3 |  937.7 |
               +--------+--------+--------+--------+--------+-----+--------+

Top non-repeatable levels by time:
     D:1: 1483 daAuts
     D:2: 889 daAuts
     D:3: 440 daAuts
